 Dungeon Crawl Stone Soup version 0.21.1-1-g345015fe64 (webtiles) character file.

27213 Engwar the Brawler (level 13, -4/82 HPs)
             Began as a Gargoyle Monk on June 26, 2018.
             Was a High Priest of Wu Jian.
             Slain by a komodo dragon (6 damage)
             ... on level 4 of the Lair of Beasts.
             The game lasted 01:00:45 (15040 turns).

Engwar the Brawler (Gargoyle Monk)                 Turns: 15040, Time: 01:00:48

Health: -4/82      AC: 26    Str: 19    XL:     13   Next: 31%
Magic:  0/16       EV: 14    Int: 15    God:    Wu Jian [*****.]
Gold:   1015       SH:  0    Dex: 15    Spells: 12/16 levels left

rFire    . . .     SeeInvis .     - Unarmed
rCold    . . .     Gourm    +   (no shield)
rNeg     + . .     Faith    .   w - +3 ring mail
rPois    ∞         Spirit   +   v - +2 helmet
rElec    +         Reflect  .   d - scarf {Spirit}
rCorr    .         Harm     .   h - +2 pair of gloves
MR       .....                  (no boots)
Stlth    +.........             D - amulet of the gourmand
HPRegen  0.23/turn              o - +3 ring of strength
MPRegen  0.15/turn              x - +3 ring of dexterity

@: about to teleport, very slightly contaminated, glowing, heavenly storm
A: negative energy resistance 1, electricity resistance, unbreathing,
petrification resistance, rot immunity, AC +9
a: Wall Jump, Serpent's Lash, Heavenly Storm, Renounce Religion


You were on level 4 of the Lair of Beasts.
You worshipped Wu Jian.
Wu Jian was extremely pleased with you.
You were very full.

You visited 3 branches of the dungeon, and saw 17 of its levels.
You also visited: Sewer.

You collected 1015 gold pieces.

Inventory:

Hand Weapons
 F - a +2 shortbow of freezing
Missiles
 q - 79 poisoned needles
 A - 3 poisoned javelins (quivered)
 G - 229 arrows
Armour
 d - a scarf of spirit shield (worn)
 f - a +1 leather armour
 h - a +2 pair of gloves (worn)
 v - a +2 helmet (worn)
 w - a +3 ring mail (worn)
Jewellery
 a - an uncursed ring of magical power {unknown}
 o - a +3 ring of strength (left hand)
 x - a +3 ring of dexterity (right hand)
 D - an amulet of the gourmand (around neck)
Wands
 E - a wand of polymorph (21)
 M - a wand of scattershot (3)
 N - a wand of flame (27)
 P - a wand of enslavement (10)
 Q - a wand of disintegration (5)
 R - a wand of random effects (32)
Scrolls
 e - 5 scrolls of enchant weapon
 l - 5 scrolls of teleportation
 m - 4 scrolls of blinking
 p - 2 scrolls of fear
 s - a scroll of fog {unknown}
 y - a scroll of holy word {unknown}
 z - 3 scrolls of amnesia
 C - a scroll of noise {unknown}
 J - a scroll of vulnerability {unknown}
 K - a scroll of summoning {unknown}
 S - a scroll of silence {unknown}
Potions
 g - a potion of brilliance
 i - 2 potions of might
 j - a potion of heal wounds
 k - a potion of mutation
 n - 2 potions of flight
 r - a potion of magic
 t - 2 potions of ambrosia
 B - a potion of agility {unknown}
 H - 2 potions of degeneration {unknown}
 I - 3 potions of curing
 L - 2 potions of lignification {unknown}
Books
 u - a book of Minor Magic

   Spells                             Type                      Level
   a - Magic Dart                     Conjuration                  1
   b - Blink                          Translocation                2
   c - Call Imp                       Summoning                    2
   d - Slow                           Hexes                        2
   e - Conjure Flame                  Conjuration/Fire             3
   f - Mephitic Cloud                 Conjuration/Poison/Air       3
 O - a book of Conjurations

   Spells                             Type                      Level
   a - Magic Dart                     Conjuration                  1
   b - Searing Ray                    Conjuration                  2
   c - Dazzling Spray                 Conjuration/Hexes            3
   d - Fulminant Prism                Conjuration/Hexes            4
   e - Force Lance                    Conjuration/Translocation    4
   f - Iskenderun's Mystic Blast      Conjuration                  4
Miscellaneous
 c - a phantom mirror
Comestibles
 b - 26 rations


   Skills:
 - Level 10.0 Fighting
 + Level 9.3 Armour
 - Level 5.0 Dodging
 - Level 4.0 Stealth
 + Level 15.8 Unarmed Combat
 - Level 2.0 Spellcasting
 - Level 2.5 Hexes
 - Level 5.0 Translocations


You had 12 spell levels left.
You knew the following spells:

 Your Spells              Type           Power        Failure   Level  Hunger
a - Blink                 Tloc           N/A          7%          2    ###....
b - Slow                  Hex            #.......     19%         2    ###....


Dungeon Overview and Level Annotations

Branches:
Dungeon (12/15)            Temple (1/1) D:5            Lair (4/6) D:11
 Shoals (0/4) Lair:2       Spider (0/4) Lair:2          Orc (0/2) D:10

Altars:
Fedhas
Gozag
Kikubaaqudgha
Makhleb
Nemelex Xobeh
Okawaru
Qazlal
Ru
Uskayaw
Vehumet
Wu Jian
Xom
Yredelemnul
The Shining One

Shops:
D:5 (

Annotations:
D:11 DildoBatman's ghost, journeyman OpWz
Lair:2 exclusion: oklob plant


Innate Abilities, Weirdness & Mutations

You are resistant to torment.
Your stone body is resilient. (AC +9)
You are immune to poison.
You resist negative energy. (rN+)
You are resistant to electric shocks. (rElec)
You can survive without breathing.
You are immune to petrification.
You are immune to rotting.


Message History

The death yak gores you but does no damage.
The komodo dragon bites you! The death yak gores you!
* * * LOW HITPOINT WARNING * * *
The death yak completely misses you. The death yak gores you!!
* * * LOW HITPOINT WARNING * * *
Unknown command.
Unknown command.
Blink to where?
Press: ? - help, Dir - move target cursor You are very lightly contaminated with residual magic.
As you read the scroll of blinking, it crumbles to dust.
You feel much better. The death yak gores you!
* * * LOW HITPOINT WARNING * * *
As you read the scroll of teleportation, it crumbles to dust.
You feel strangely unstable. The death yak gores you.
* * * LOW HITPOINT WARNING * * *
The death yak gores you.
* * * LOW HITPOINT WARNING * * *
The komodo dragon bites you.
You die...

### ##### #####
###.###...# ###.#P##
##.#.#......
###.....P####..../......
............##....!....l
...........#............
.....§§§§§..#......Y....
.....§§§§§..##......?...
.##
.....§§@YY§§...#?.......
..#
##...§YYlS§§....##..Y...
..#
##..§§§Y§§S§.####.!...Y
..# ##...§§§Y§§.##
##..... ..# ##..§§§§§§..#
#..#.. ..#########
###§§§§§§..# ###.##
....##.##.# ##§§§§§..# ##
...###....#### ##......#
....P#.....#.####...#####


You could see 5 death yaks, a komodo dragon and a water moccasin.

Vanquished Creatures
  Gastronok (D:9)
  The ghost of makkenr95 the Protected, a journeyman MiFi of the Shining One (Lair:2)
  2 two-headed ogres (D:10)
  2 death yaks (Lair:4)
  Urug (Lair:2)
  The ghost of Kohma the Thaumaturge, a journeyman SpVM of Gozag (D:10)
  An orb spider (Lair:2)
  3 manticores
  A merfolk siren (Lair:2)
  2 black mambas
  6 spiny frogs
  A torpor snail (Lair:4)
  A komodo dragon (Lair:4)
  A troll (D:10)
  11 blink frogs
  A hippogriff (Lair:1)
  A vampire (D:8)
  A wraith (D:11)
  28 yaks
  Grum (D:8)
  A basilisk (Lair:1)
  A hungry ghost (D:9)
  The ghost of nawrastar the Magician, an amateur GnWz (D:3)
  An acid dragon (D:10)
  8 water moccasins
  9 porcupines
  3 orc warriors
  3 ice beasts
  4 ogres
  4 sky beasts
  Purgy (Sewer)
  2 necrophages (D:9)
  3 phantoms
  4 black bears
  5 wolves
  6 centaurs
  6 crocodiles
  A big kobold (D:10)
  A gnoll sergeant (D:10)
  11 bullfrogs
  A water moccasin zombie (D:5)
  A wyvern skeleton (D:10)
  2 scorpions
  9 killer bees
  5 wights
  An electric eel (Lair:1)
  A howler monkey (D:11)
  A centaur zombie (D:8)
  7 crimson imps
  2 centaur skeletons
  3 hounds
  A quasit (D:5)
  2 bullfrog zombies
  4 jellies
  11 orc priests
  2 bullfrog skeletons
  11 orc wizards
  6 worker ants
  A hound zombie (D:7)
  A hound skeleton (D:6)
  A worker ant zombie (D:5)
  A howler monkey zombie (D:7)
  18 gnolls
  21 adders
  A howler monkey skeleton (D:7)
  4 river rats (D:4)
  A shadow imp (D:6)
  3 oozes
  An adder skeleton (D:4)
  An adder zombie (D:9)
  7 worms
  3 dart slugs
  6 leopard geckos
  63 orcs
  5 bats
  2 giant cockroaches (D:2)
  5 goblins
  10 hobgoblins
  20 jackals
  21 kobolds
  5 quokkas
  5 ball pythons
  11 frilled lizards
  2 leopard gecko skeletons
  13 rats
444 creatures vanquished.

Vanquished Creatures (others)
  4 fungi (D:11)
  12 toadstools (Lair:2)
16 creatures vanquished.

Grand Total: 460 creatures vanquished

Notes
Turn   | Place    | Note
-------+----------+-------------------------------------------
     0 | D:1      | Engwar the Gargoyle Monk began the quest for the Orb.
     0 | D:1      | Reached XP level 1. HP: 14/14 MP: 1/1
   127 | D:1      | Reached XP level 2. HP: 16/19 MP: 2/2
  1035 | D:1      | Reached XP level 3. HP: 23/23 MP: 3/3
  1505 | D:2      | Reached skill level 4 in Unarmed Combat
  1505 | D:2      | Reached XP level 4. HP: 26/28 MP: 4/4
  2367 | D:3      | Noticed nawrastar's ghost (amateur GnWz)
  2413 | D:3      | Killed nawrastar's ghost
  2413 | D:3      | Reached skill level 5 in Unarmed Combat
  2413 | D:3      | Reached XP level 5. HP: 32/32 MP: 1/5
  2413 | D:3      | Reached XP level 6. HP: 37/37 MP: 1/6
  2459 | D:3      | Reached skill level 6 in Unarmed Combat
  3441 | D:3      | Reached skill level 7 in Unarmed Combat
  3521 | D:4      | Reached XP level 7. HP: 32/41 MP: 5/7
  3876 | D:4      | Found a glowing drain.
  3886 | Sewer    | Entered a sewer
  3894 | Sewer    | Reached skill level 8 in Unarmed Combat
  3968 | Sewer    | Noticed Purgy
  3982 | Sewer    | Killed Purgy
  3982 | Sewer    | Reached skill level 1 in Armour
  4345 | D:5      | Entered Level 5 of the Dungeon
  4481 | D:5      | Reached XP level 8. HP: 43/48 MP: 6/8
  4489 | D:5      | Found a staircase to the Ecumenical Temple.
  4552 | Temple   | Entered the Ecumenical Temple
  4652 | Temple   | Became a worshipper of the Wu Jian Council
  4652 | Temple   | Reached * piety under Wu Jian
  4652 | Temple   | Reached ** piety under Wu Jian
  4749 | D:5      | Found Ramm's Weapon Boutique.
  4951 | D:5      | Found a sparkling altar of Nemelex Xobeh.
  4953 | D:5      | Found a shimmering altar of Xom.
  5245 | D:5      | Reached skill level 9 in Unarmed Combat
  5294 | D:6      | Reached skill level 5 in Fighting
  5457 | D:6      | Learned a level 2 spell: Blink
  5460 | D:6      | Learned a level 2 spell: Slow
  5567 | D:6      | Reached XP level 9. HP: 52/54 MP: 9/9
  5773 | D:6      | Reached skill level 5 in Armour
  6008 | D:7      | Reached skill level 10 in Unarmed Combat
  6084 | D:7      | Reached skill level 1 in Translocations
  6200 | D:7      | Reached *** piety under Wu Jian
  6204 | D:7      | Found a shimmering altar of Xom.
  6603 | D:7      | Found a glowing golden altar of the Shining One.
  6675 | D:7      | Found an iron altar of Okawaru.
  6915 | D:8      | Noticed Grum
  7368 | D:9      | Reached skill level 1 in Spellcasting
  7399 | D:8      | Reached skill level 11 in Unarmed Combat
  7460 | D:8      | Noticed a two-headed ogre
  7597 | D:8      | Reached XP level 10. HP: 52/59 MP: 11/13
  7762 | D:8      | Killed Grum
  7762 | D:8      | Reached **** piety under Wu Jian
  7762 | D:8      | Reached skill level 1 in Hexes
  8921 | D:9      | Reached skill level 5 in Translocations
  8944 | D:9      | Reached skill level 12 in Unarmed Combat
  9039 | D:9      | Noticed Gastronok
  9064 | D:9      | Killed Gastronok
  9064 | D:9      | Reached XP level 11. HP: 31/63 MP: 0/14
  9220 | D:9      | Found a sacrificial altar of Ru.
  9409 | D:10     | Entered Level 10 of the Dungeon
  9438 | D:10     | Reached skill level 5 in Dodging
  9561 | D:10     | You fall through a shaft for 2 floors!
  9561 | D:12     | Noticed a cyan ugly thing
  9571 | D:11     | Noticed DildoBatman's ghost (journeyman OpWz)
  9581 | D:11     | Noticed a manticore
  9626 | D:10     | Reached ***** piety under Wu Jian
  9632 | D:10     | Reached skill level 13 in Unarmed Combat
  9934 | D:10     | Noticed a two-headed ogre
  9949 | D:10     | Killed a two-headed ogre
 10328 | D:10     | Found a staircase to the Orcish Mines.
 10475 | D:10     | Noticed Kohma's ghost (journeyman SpVM)
 10504 | D:10     | Killed Kohma's ghost
 10791 | D:11     | Noticed a two-headed ogre
 10932 | D:10     | Killed a two-headed ogre
 11360 | D:10     | Killed a manticore
 11439 | D:11     | Reached XP level 12. HP: 50/75 MP: 12/15
 11445 | D:11     | Reached skill level 14 in Unarmed Combat
 11453 | D:11     | Found a staircase to the Lair.
 11654 | Lair:1   | Entered Level 1 of the Lair of Beasts
 12056 | Lair:1   | Reached skill level 10 in Fighting
 12874 | Lair:2   | Found a hole to the Spider Nest.
 13141 | Lair:2   | Noticed Urug
 13154 | Lair:2   | Noticed makkenr95's ghost (journeyman MiFi)
 13181 | Lair:2   | Killed Urug
 13181 | Lair:2   | Reached skill level 15 in Unarmed Combat
 13278 | Lair:2   | Killed makkenr95's ghost
 13577 | Lair:2   | Found a blossoming altar of Fedhas.
 13821 | Lair:2   | Found a staircase to the Shoals.
 13958 | Lair:2   | You fall through a shaft for 2 floors!
 13962 | Lair:4   | Noticed a death yak
 13962 | Lair:4   | Noticed a death yak
 13966 | Lair:4   | Noticed a death yak
 14193 | Lair:3   | Reached XP level 13. HP: 82/82 MP: 16/16
 14582 | Lair:3   | Reached ****** piety under Wu Jian
 15037 | Lair:4   | HP: 1/82 [death yak (18)]
 15040 | Lair:4   | Slain by a komodo dragon

Skill      XL: |  1  2  3  4  5  6  7  8  9 10 11 12 13 |
---------------+----------------------------------------+-----
Stealth        | 3 4 |  4.0
Unarmed Combat | 4 5 7 8 9 11 12 13 15 | 15.8
Armour         | 2 4 5 7 9 |  9.3
Fighting       | 5 8 10 | 10.0
Translocations | 4 5 |  5.0
Spellcasting   | 2 |  2.0
Hexes          | 2 |  2.5
Dodging        | 4 5 |  5.0

Action                   |  1- 3 |  4- 6 |  7- 9 | 10-12 | 13-15 || total
-------------------------+-------+-------+-------+-------+-------++-------
Melee: Unarmed           |   158 |   286 |   546 |   973 |   161 ||  2124
       Punch             |     3 |     3 |    23 |    49 |    15 ||    93
Invok: Lunge             |       |       |    26 |    57 |    10 ||    93
       Whirlwind         |       |       |    34 |   202 |    35 ||   271
       Wall Jump         |       |       |    13 |    34 |     3 ||    50
       Heavenly Storm    |       |       |       |       |     1 ||     1
  Use: Scroll            |     3 |     6 |     9 |     7 |     4 ||    29
       Potion            |       |     2 |     2 |     6 |     2 ||    12
 Stab: Sleeping          |     4 |     6 |    11 |     4 |     1 ||    26
       Distracted        |       |       |     1 |     1 |       ||     2
  Eat: Chunk             |     2 |     7 |    18 |    35 |     2 ||    64
       Ration            |       |       |     1 |       |       ||     1
Armor: Robe              |    30 |       |       |       |       ||    30
       Leather armour    |    27 |   113 |    98 |       |       ||   238
       Ring mail         |       |       |   168 |   401 |    43 ||   612
Dodge: Dodged            |   119 |   205 |   286 |   487 |    63 ||  1160
